 Dungeon Crawl Stone Soup version 0.30-a0-359-gd0147acb1a (webtiles) character file.

Game seed: 1880366355132999062

5 lukessrichardson the Trooper (level 1, -2/19 HPs)
             Began as a Draconian Berserker on Nov 11, 2022.
             Was a Follower of Trog.
             Frozen to death by an endoplasm (5 damage)
             ... on level 1 of the Dungeon.
             The game lasted 00:02:03 (132 turns).

lukessrichardson the Trooper (Draconian Berserker)   Turns: 132, Time: 00:02:04

Health: -2/19      AC:  4    Str: 19    XL:     1   Next: 66%
Magic:  1/1        EV: 12    Int:  7    God:    Trog [*.....]
Gold:   0          SH:  0    Dex: 10    Spells: 0/0 levels left

rFire   . . .      SeeInvis .    a - +0 falchion
rCold   . . .      Faith    .    (no shield)
rNeg    . . .      Spirit   .    (body armour unavailable)
rPois   .          Reflect  .    (helmet restricted)
rElec   .          Harm     .    (no cloak)
rCorr   .          Rampage  .    (no gloves)
Will    .....                    (no boots)
Stlth   +.........               (no amulet)
HPRegen 0.23/turn                (no ring)
MPRegen 0.07/turn                (no ring)

@: slowed, very slow
A: AC +4, unfitting armour, cold-blooded
a: Renounce Religion, Berserk


You were on level 1 of the Dungeon.
You worshipped Trog.
Trog was aware of your devotion.
You visited 1 branch of the dungeon, and saw 1 of its levels.

Inventory:

Hand Weapons
 a - a +0 falchion (weapon)
Scrolls
 b - a scroll of identify {unknown}


   Skills:
 + Level 3.4 Fighting
 + Level 3.0 Long Blades
 + Level 2.9 Dodging


You couldn't memorise any spells.
You didn't know any spells.
Your spell library was empty.

Dungeon Overview and Level Annotations

Branches:
Dungeon (1/15)

Altars:


Innate Abilities, Weirdness & Mutations

Your plain brown scales are hard. (AC +4)
You cannot fit into any form of body armour.
You are cold-blooded and may be slowed by cold attacks.


Message History

Trog accepts your kill. The rat bites you but does no damage.
The rat bites you.
You see here a frilled lizard corpse.
You closely miss the rat.
You tail-slap the rat, but do no damage.
Your punch misses the rat. The rat bites you. The endoplasm closely misses you.
You hit the rat.
You kill the rat!
Trog accepts your kill. The bat closely misses you.
The bat hits you but does no damage. The endoplasm freezes you.
You are frozen.
The endoplasm closely misses you.
You hit the bat.
The bat is moderately wounded.
The bat closely misses you.
The endoplasm hits you but does no damage.
You miss the bat.
The bat is moderately wounded.
The bat hits you but does no damage. The endoplasm freezes you.
You are frozen.
The bat misses you. The endoplasm attacks as you move away!
The endoplasm misses you.
Things that are here:
a +0 whip; a kobold corpse You barely miss the bat.
The bat is moderately wounded.
The bat hits you. The endoplasm freezes you.
You are frozen.
The bat closely misses you. x2
The endoplasm freezes you.
You are frozen.
* * * LOW HITPOINT WARNING * * *
You feel yourself slow down.
You see here 16 gold pieces.
The bat barely misses you. The bat closely misses you.
The endoplasm freezes you.
You are frozen.
You die...

.. ##.## ## #.#$.#.#"
..##..... ..#..##.##
### ##.##.##..# ..#
........## # <.#
#.#.#.#Jb# .#.# ..#
####.#####@##....#
+######..............#
#...#.......#.####.#
#...#.........#
#...##......###
####'###......#
..#...##......#
..'.⌠.#.......#
..#...#.[.....#


You could see an endoplasm and a bat.

Vanquished Creatures
  A hobgoblin (D:1)
  A kobold (D:1)
  2 frilled lizards (D:1)
  2 rats (D:1)
6 creatures vanquished.

Notes
Turn   | Place    | Note
-------+----------+-------------------------------------------
     0 | D:1      | lukessrichardson the Draconian Berserker began the quest
                  | for the Orb.
     0 | D:1      | Reached XP level 1. HP: 19/19 MP: 1/1
   132 | D:1      | Frozen to death by an endoplasm

Illustrated notes

Levels and vault maps discovered:
D:1:      co_arrival_random_square_maze, layout_loops_cross,
          shapermc_ecumenical_altar_hornbeckon, roderic_filled_cross,
          kennysheep_pointless_box, serial_bayou_pond_a, hangedman_glass_teeth,
          corexii_hall_statues_i, minmay_octomino_e4

Action                   || total
-------------------------++-------
Melee: Falchion          ||    26
       Tailslap          ||     4
Armor: Skin              ||    12
Dodge: Dodged            ||    31

Table legend: (Time is in decaauts)
 A = Elapsed time spent in this place.
 B = Non-inter-level travel time spent in this place.
 C = Inter-level travel time spent in this place.
 D = Time resting spent in this place.
 E = Time spent auto-exploring this place.
 F = Levels seen in this place.
 G = Mean time per level.
                   A        B        C        D        E       F      G
               +--------+--------+--------+--------+--------+-----+--------+
         Total |    136 |     53 |     83 |      0 |      0 |   1 |  136.0 |
       Dungeon |    136 |     53 |     83 |      0 |      0 |   1 |  136.0 |
               +--------+--------+--------+--------+--------+-----+--------+

Top non-repeatable levels by time:
     D:1: 136 daAuts
